 Dungeon Crawl Stone Soup version 0.14-a0-836-g5210f43 (webtiles) character file.

2659 Jake482 the Grappler (level 9, -1/80 HPs)
             Began as a Troll Monk on Nov 13, 2013.
             Slain by Jake482's ghost (27 damage)
             ... on Level 6 of the Dungeon.
             The game lasted 00:46:12 (4028 turns).

Jake482 the Grappler (Troll Monk)                   Turns: 4028, Time: 00:46:12

HP  -1/80        AC  5     Str 21      XL: 9   Next: 26%
MP   3/3         EV 11     Int  6      God:
Gold 185         SH  0     Dex 15      Spells:  0 memorised,  8 levels left

Res.Fire  : . . .   See Invis. : .     - Unarmed
Res.Cold  : . . .   Warding    : .   y - +0 robe
Life Prot.: . . .   Conserve   : .   (shield restricted)
Res.Poison: .       Res.Corr.  : .   (helmet restricted)
Res.Elec. : .       Clarity    : .   (no cloak)
Sust.Abil.: . .     Spirit.Shd : .   (gloves unavailable)
Res.Mut.  : .       Stasis     : .   (boots unavailable)
Res.Rott. : .       Flight     : .   (no amulet)
Gourmand  : +                        (no ring)
                                     (no ring)

@: slightly resistant to hostile enchantments, unstealthy
A: unfitting armour, claws 3, fast metabolism 3, gourmand, regeneration 2,
saprovore 2, tough skin 2, AC +1
a: no special abilities


You were on level 6 of the Dungeon.
You were very full.

You visited 1 branch of the dungeon, and saw 6 of its levels.

You collected 185 gold pieces.

Inventory:

Missiles
 k - 43 stones (quivered)
 o - 8 poisoned needles
Armour
 y - a +0 robe (worn)
Magical devices
 n - a wand of cold (5)
 C - a wand of slowing (5)
Comestibles
 b - 4 meat rations
 g - 4 bread rations
 m - 2 pears
 u - 2 chokos
 F - an orange
 I - 4 sausages
 J - a slice of pizza
 K - a chunk of hobgoblin flesh
 N - 3 chunks of centaur flesh
Scrolls
 e - a scroll of random uselessness {unknown}
 h - 7 scrolls of identify {unknown}
 r - 2 scrolls of remove curse {unknown}
 t - 3 scrolls of enchant weapon II {unknown}
 v - 2 scrolls of teleportation {unknown}
 w - 3 scrolls of amnesia {unknown}
 z - a scroll of curse armour {unknown}
 A - a scroll of immolation {unknown}
 B - a scroll of enchant armour {unknown}
 D - 3 scrolls of noise {unknown}
Jewellery
 d - an uncursed amulet of inaccuracy {unknown}
 E - a +3 ring of dexterity {unknown}
 L - a cursed ring of hunger {unknown}
Potions
 a - a potion of might {unknown}
 c - 3 potions of heal wounds
 f - a potion of resistance {unknown}
 i - a potion of speed {unknown}
 j - 2 potions of restore abilities {unknown}
 l - a potion of cure mutation {unknown}
 p - a potion of curing {unknown}
 q - 2 potions of poison {unknown}
 G - 8 potions of confusion
 H - 2 potions of paralysis {unknown}
 M - a potion of degeneration {unknown}
Books
 s - a book of the Earth

   Spells                             Type                      Level
   Dig                                Earth                        4
   Leda's Liquefaction                Hexes/Earth                  4
   Bolt of Magma                      Conjuration/Fire/Earth       5
   Statue Form                        Transmutation/Earth          6
   Iron Shot                          Conjuration/Earth            6
   Shatter                            Earth                        9
 x - a book of Ice

   Spells                             Type                      Level
   Freezing Aura                      Charms/Ice                   2
   Ensorcelled Hibernation            Hexes/Ice                    2
   Ozocubu's Refrigeration            Ice                          6
   Bolt of Cold                       Conjuration/Ice              6
   Freezing Cloud                     Conjuration/Ice/Air          6
   Metabolic Englaciation             Hexes/Ice                    6
   Simulacrum                         Ice/Necromancy               6


   Skills:
 - Level 2.5 Fighting
 - Level 2.5 Dodging
 - Level 1.1 Stealth
 + Level 12.7 Unarmed Combat


You had 8 spell levels left.
You didn't know any spells.

Dungeon Overview and Level Annotations

Branches:
Dungeon (6/16)                Orc (0/4) D:6
 Temple: D:4-7

Altars:
Xom

Annotations:
D:6 Jake482's ghost, experienced TrMo


Innate Abilities, Weirdness & Mutations

You are too large for most types of armour.
You have claws for hands.
Your metabolism is lightning-fast.
You like to eat raw meat.
You heal very quickly.
You can eat rotten meat.
You are covered in fur (AC +1).
You have very tough skin (AC +2).


Message History

Jake482's ghost is lightly damaged.
Jake482's ghost hits you.
You hit Jake482's ghost but do no damage.
Jake482's ghost is lightly damaged.
Jake482's ghost misses you.
You closely miss Jake482's ghost.
Jake482's ghost is lightly damaged.
Jake482's ghost barely misses you.
You claw Jake482's ghost!
Jake482's ghost is moderately damaged.
You claw Jake482's ghost!
Jake482's ghost is severely damaged.
Jake482's ghost hits you!
You hit Jake482's ghost but do no damage.
Jake482's ghost is severely damaged.
Jake482's ghost hits you!
You hit Jake482's ghost but do no damage.
Jake482's ghost is severely damaged.
Jake482's ghost hits you!
You die...

########.########.#####.#
........................#
...........#####.#######
...........# #.# ...........#
#.########### ..........#
#...........# .####....#
#.#########.#
#.########.#.......#.###
.>.......@.##.#........#
##########p#....##.#..##
#.#..####.#..# #.#.......#..#
# #.#.#######..# ...##
#########)#.##.......#
.......#@@..g......##.#####.##
..........o......####.#......#
.###...#.######### #.##.#####


You could see Jake482's ghost.

Vanquished Creatures
  Pikel (D:5)
  2 humans (D:6)
  A swamp drake (D:6)
  2 orc warriors (D:6)
  2 phantoms (D:5)
  A sky beast (D:5)
  3 ogres
  A centaur (D:6)
  Sigmund (D:3)
  Blork the orc (D:6)
  A crimson imp (D:6)
  A gnoll shaman (D:6)
  2 orc priests (D:6)
  A hound (D:5)
  4 orc wizards
  3 halflings (D:2)
  6 worker ants (D:4)
  Ijyb (D:5)
  5 gnolls (D:6)
  7 adders
  An inept item mimic (D:2)
  2 worms
  4 giant geckos
  15 orcs
  3 ball pythons
  8 bats
  A bat zombie (D:5)
  3 giant cockroaches
  9 goblins
  12 hobgoblins
  6 jackals (D:2)
  12 kobolds
  2 quokkas
  2 giant newts
  8 rats
  A bush (D:2)
  A plant (D:2)
136 creatures vanquished.

Vanquished Creatures (others)
  A sky beast (D:5)
  An orc priest (D:5)
  A worker ant (D:5)
  5 orcs
  A goblin (D:5)
9 creatures vanquished.

Grand Total: 145 creatures vanquished

Notes
Turn   | Place    | Note
--------------------------------------------------------------
     0 | D:1      | Jake482, the Troll Monk, began the quest for the Orb.
     0 | D:1      | Reached XP level 1. HP: 20/20 MP: 0/0
   311 | D:1      | Reached XP level 2. HP: 28/28 MP: 0/0
   686 | D:2      | Reached XP level 3. HP: 35/35 MP: 1/1
   755 | D:2      | Reached skill level 5 in Unarmed Combat
   985 | D:2      | Reached XP level 4. HP: 44/44 MP: 1/1
  1012 | D:2      | Reached skill level 6 in Unarmed Combat
  1180 | D:3      | Reached XP level 5. HP: 48/50 MP: 1/1
  1278 | D:3      | Found a shimmering altar of Xom.
  1293 | D:3      | You fall through a shaft!
  1350 | D:4      | Noticed an ogre
  1360 | D:4      | Killed an ogre
  1360 | D:4      | Reached skill level 7 in Unarmed Combat
  1516 | D:3      | Noticed Sigmund
  1542 | D:3      | Killed Sigmund
  1542 | D:3      | Reached XP level 6. HP: 23/58 MP: 2/2
  2121 | D:4      | Reached skill level 8 in Unarmed Combat
  2321 | D:4      | Reached XP level 7. HP: 63/66 MP: 2/2
  2472 | D:5      | Entered Level 5 of the Dungeon
  2474 | D:5      | Noticed Pikel
  2490 | D:5      | Killed Pikel
  2490 | D:5      | Reached skill level 9 in Unarmed Combat
  2603 | D:5      | Reached skill level 10 in Unarmed Combat
  2603 | D:5      | Reached XP level 8. HP: 48/74 MP: 2/2
  2809 | D:5      | Noticed Ijyb
  2826 | D:5      | Killed Ijyb
  3182 | D:5      | Reached skill level 11 in Unarmed Combat
  3468 | D:6      | Found a staircase to the Orcish Mines.
  3701 | D:6      | Reached skill level 12 in Unarmed Combat
  3726 | D:6      | Reached XP level 9. HP: 30/80 MP: 3/3
  3962 | D:6      | Noticed Blork the orc
  3963 | D:6      | Noticed a human
  3963 | D:6      | Noticed a human
  3988 | D:6      | Killed Blork the orc
  4002 | D:6      | Killed a human
  4015 | D:6      | Noticed Jake482's ghost (experienced TrMo)
  4028 | D:6      | Slain by Jake482's ghost

Action                   |  1- 3 |  4- 6 |  7- 9 || total
-------------------------+-------+-------+-------++-------
Melee: Unarmed           |   136 |   151 |   185 ||   472
Evoke: Wand              |       |       |     2 ||     2
  Use: Potion            |       |       |     3 ||     3
 Stab: Sleeping          |     1 |       |     1 ||     2
       Distracted        |     1 |       |       ||     1
       Fleeing           |       |       |     1 ||     1
